 Dungeon Crawl Stone Soup version 0.20-b1-2-gc5a9893 (webtiles) character file.

104062 Gorglomux the Thaumaturge (level 15, 0/123 HPs)
             Began as a Mummy Fire Elementalist on May 21, 2017.
             Was the Champion of Ashenzari.
             Shot with an arrow by a naga sharpshooter (18 damage)
             ... on level 1 of the Snake Pit.
             The game lasted 02:34:13 (39378 turns).

Gorglomux the Thaumaturge (MuFE)                   Turns: 39378, Time: 02:34:13

Health: 0/123      AC: 15    Str: 12    XL:     15   Next: 90%
Magic:  2/32       EV: 18    Int: 20    God:    Ashenzari [******]
Gold:   1413       SH:  6    Dex: 13    Spells: 6/41 levels left

rFire    . . .     SeeInvis +   w - staff of fire (curse) {rF+}
rCold    + . .     Gourm    .   g - +1 buckler (curse)
rNeg     + + +     Faith    .   a - +0 robe
rPois    ∞         Spirit   .   N - +2 helmet (curse)
rElec    .         Reflect  .   e - +2 cloak (curse)
rCorr    .         Harm     .   p - +2 pair of gloves (curse)
MR       +....     Clarity  +   F - +2 pair of boots (curse)
Stlth    +.........             x - amulet of regeneration (curse) {+regen, !d}
Regen    0.7/turn               c - ring of loudness (curse) {Stlth-}
MPRegen  0.3/turn               z - ring of wizardry (curse) {Wiz+, !d}

@: studying Polearms
A: no food or potions, fire vulnerability, cold resistance 1, negative energy
resistance 3, torment resistance, unbreathing, in touch with death 1
a: Curse Item, Scrying, Transfer Knowledge, Renounce Religion


You were on level 1 of the Snake Pit.
You worshipped Ashenzari.
Ashenzari was exalted by your worship.
You were not hungry.

You visited 5 branches of the dungeon, and saw 25 of its levels.
You also visited: Labyrinth and Bailey.

You collected 2164 gold pieces.
You spent 751 gold pieces at shops.

Inventory:

Missiles
 K - 3 tomahawks of dispersal {=f}
 R - a throwing net {=f, !d}
Armour
 a - a +0 robe (worn)
 e - a cursed +2 cloak (worn)
   (You found it on level 14 of the Dungeon)
 g - a cursed +1 buckler (worn)
   (You found it on level 6 of the Lair of Beasts)
 n - a +2 pair of boots of flying
   (You bought it in a shop on level 2 of the Orcish Mines)
 p - a cursed +2 pair of gloves (worn)
   (You found it on level 2 of the Dungeon)
 y - the +0 chain mail "Byles" {rPois Str+3 Int+2 Dex+4}
   (You bought it in a shop on level 2 of the Orcish Mines)

   It affects your strength (+3).
   It affects your intelligence (+2).
   It affects your dexterity (+4).
   It protects you from poison.
 F - a cursed +2 pair of boots (worn)
   (You found it on level 10 of the Dungeon)
 N - a cursed +2 helmet (worn)
   (You found it on level 3 of the Lair of Beasts)
Magical Staves
 w - a cursed staff of fire (weapon) {rF+}
   (You found it on level 2 of the Lair of Beasts)
 O - an uncursed staff of power {MP+17, !a}
   (You found it on level 3 of the Lair of Beasts)
Jewellery
 c - a cursed ring of loudness (left hand) {Stlth-}
   (You found it on level 1 of the Dungeon)
 v - an uncursed ring of flight {+Fly, !d}
   (You found it on level 4 of the Dungeon)
 x - a cursed amulet of regeneration (around neck) {+regen, !d}
   (You found it on level 7 of the Dungeon)
 z - a cursed ring of wizardry (right hand) {Wiz+, !d}
   (You took it off an orc wizard on level 7 of the Dungeon)
 A - a +4 amulet of reflection
   (You found it on level 8 of the Dungeon)
 I - an uncursed ring of magical power {MP+9}
   (You found it on level 11 of the Dungeon)
 X - an uncursed ring of stealth {Stlth+}
   (You found it on level 12 of the Dungeon)
Wands
 b - a wand of acid (11/15)
   (You took it off a wight on level 15 of the Dungeon)
 l - a wand of acid (2/15)
   (You found it on level 4 of the Dungeon)
 t - a wand of lightning (11/15)
   (You found it on level 2 of the Dungeon)
 C - a wand of flame (12/48)
   (You took it off a goblin on level 8 of the Dungeon)
 D - a wand of lightning (10/15)
   (You took it off Erolcha on level 9 of the Dungeon)
 J - a wand of lightning (4/15)
   (You found it on level 11 of the Dungeon)
 L - a wand of scattershot (4/9)
   (You found it on level 3 of the Lair of Beasts)
 T - a wand of confusion (20/48)
   (You found it on level 5 of the Lair of Beasts)
 Z - a wand of scattershot (6/9)
   (You took it off a death knight on level 12 of the Dungeon)
Scrolls
 d - a scroll of identify
 h - 5 scrolls of immolation {!r}
 i - 2 scrolls of teleportation
 j - 2 scrolls of remove curse
 k - 3 scrolls of fear
 m - 2 scrolls of fog
 o - 6 scrolls of amnesia
 q - 5 scrolls of recharging
 r - 4 scrolls of magic mapping {!r}
 u - 2 scrolls of blinking {!r}
 M - 2 scrolls of enchant weapon
Books
 f - a book of Summonings
   (You found it on level 14 of the Dungeon)
 B - a manual of Polearms {!d}
   (You found it in a labyrinth)
 G - a book of Unlife
   (You found it on level 2 of the Lair of Beasts)
 S - the Incunabulum of Dark Secrets and the Escort
   (You acquired it on level 5 of the Lair of Beasts)

   Spells                             Type                      Level
   a - Excruciating Wounds            Charms/Necromancy            5
   b - Aura of Abjuration             Summoning                    5
   c - Spellforged Servitor           Conjuration/Summoning        7
   d - Malign Gateway                 Summoning/Translocation      7
 Y - a book of Misfortune
   (You found it on level 12 of the Dungeon)
Miscellaneous
 H - a lightning rod (inert)
   (You found it on level 11 of the Dungeon)
 P - a fan of gales
   (You found it on level 4 of the Lair of Beasts)
 Q - a phial of floods (inert)
   (You found it on level 4 of the Lair of Beasts)


   Skills:
 - Level 13.0 Fighting
 - Level 6.0 Armour
 - Level 6.8(9.9) Dodging
 - Level 1.5(3.6) Stealth
 - Level 3.3(6.0) Shields
 - Level 13.6 Spellcasting
 - Level 9.8(14.1) Conjurations
 - Level 1.8(5.0) Hexes
 + Level 7.1(11.6) Summonings
 - Level 6.6(11.1) Necromancy
 - Level 9.8(14.1) Fire Magic
 - Level 5.4(9.9) Ice Magic
 - Level 1.1(4.4) Evocations


You had 6 spell levels left.
You knew the following spells:

 Your Spells              Type           Power        Failure   Level  Hunger
a - Flame Tongue          Conj/Fire      #####        0%          1    N/A
b - Summon Ice Beast      Ice/Summ       ######..     1%          4    N/A
c - Conjure Flame         Conj/Fire      #######.     1%          3    N/A
d - Simulacrum            Ice/Necr       ######....   4%          6    N/A
e - Summon Mana Viper     Hex/Summ       #####...     1%          5    N/A
f - Fireball              Conj/Fire      #######...   1%          5    N/A
g - Summon Hydra          Summ           ######....   13%         7    N/A
s - Sticky Flame          Conj/Fire      #######.     1%          4    N/A

Dungeon Overview and Level Annotations

Branches:
Dungeon (15/15)            Temple (1/1) D:6            Lair (6/6) D:8
 Shoals (0/4) Lair:3        Snake (1/4) Lair:4        Slime (0/5) Lair:6
    Orc (2/2) D:12            Elf (0/3) Orc:2        Vaults (0/5) D:13
 Depths (0/5) D:15

Altars:
Ashenzari
Cheibriados
Dithmenos
Elyvilon
Fedhas
Gozag
Hepliaklqana
Kikubaaqudgha
Makhleb
Nemelex Xobeh
Okawaru
Qazlal
Ru
Sif Muna
Trog
Uskayaw
Vehumet
Xom
Yredelemnul
Zin
The Shining One
Beogh
Jiyva

Shops:
D:4 ?   Orc:1 [   Orc:2 (*[[

Portals:
Hell: Lair:6

Annotations:
Orc:2 exclusion: 3 doors, Saint Roka


Innate Abilities, Weirdness & Mutations

You do not eat or drink.
Your flesh is vulnerable to fire.
You are immune to poison.
Your flesh is cold resistant. (rC+)
You are immune to negative energy. (rN+++)
You are immune to unholy pain and torment.
You can survive without breathing.
You are in touch with the powers of death.


Message History

The naga warrior hits your salamander simulacrum with a hand axe!!
The naga warrior burns!
The naga warrior burns!
The naga warrior burns!
The naga warrior spits poison at you. The splash of poison misses you.
Unknown command.
You feel a surge of power!
The fireball explodes!
The fireball engulfs the naga warrior.
The naga warrior burns!
You kill the naga warrior!
You can't see any susceptible monsters within range! (Use Z to cast anyway.) Unknown command.
You start resting.
You sense a monster nearby.
You start resting.
You sense a monster nearby.
You start resting.
A naga sharpshooter opens the door.
It is wielding a glaive.
The naga sharpshooter shouts!
The naga sharpshooter unwields an uncursed glaive.
The naga sharpshooter wields an uncursed shortbow.
The naga sharpshooter mumbles some strange words.
The naga sharpshooter magically shoots an arrow.
You block the arrow.
You see here 2 arrows.
A naga sharpshooter comes into view.
Ashenzari warns you: It is wielding a trident of freezing.
A four-headed hydra appears.
Memorise Excruciating Wounds, consuming 5 spell levels and leaving 1? [Y]es or [N]o only, please.
Memorise Excruciating Wounds, consuming 5 spell levels and leaving 1? [Y]es or [N]o only, please.
Memorise Excruciating Wounds, consuming 5 spell levels and leaving 1?
Okay, then.
Okay, then.
What are your orders? t - Shout!
Orders for allies: a - Attack new target. r - Retreat! s - Stop attacking. g - Guard the area. f - Follow me.
Anything else - Cancel.
Gang up on whom?
Aim: a four-headed hydra (friendly, summoned)
Okay, then.
The naga sharpshooter shoots an arrow.
The arrow closely misses you.
You see here an arrow.
What are your orders? t - Shout!
Orders for allies: a - Attack new target. r - Retreat! s - Stop attacking. g - Guard the area. f - Follow me.
Anything else - Cancel.
Gang up on whom?
Aim: a naga sharpshooter, wielding a shortbow and wearing a robe Attack!
The naga sharpshooter shoots an arrow.
The arrow completely misses you.
Your four-headed hydra disappears in a puff of smoke!
You start resting.
The naga sharpshooter shouts!
A four-headed hydra appears.
The naga sharpshooter mumbles some strange words.
The naga sharpshooter magically shoots an arrow.
The arrow hits you!
The naga sharpshooter unwields an uncursed trident of freezing.
The naga sharpshooter wields an uncursed arbalest.
The naga sharpshooter casts a spell.
The naga sharpshooter magically shoots a bolt.
The bolt hits you!
You barely miss the naga sharpshooter.
The naga sharpshooter shoots an arrow.
The arrow hits you.
You hit the naga sharpshooter but do no damage.
You burn the naga sharpshooter!
The naga sharpshooter shoots an arrow.
The arrow hits you!
The naga sharpshooter shoots an arrow.
The arrow hits you!!
You are too injured to fight recklessly!
You closely miss the naga sharpshooter.
Your four-headed hydra bites the naga sharpshooter.
Your four-headed hydra bites the naga sharpshooter!
Your four-headed hydra barely misses the naga sharpshooter. x2
The naga sharpshooter casts a spell.
The naga sharpshooter magically shoots an arrow.
The arrow hits you.
You hit the naga sharpshooter but do no damage.
Your four-headed hydra bites the naga sharpshooter! x2
Your four-headed hydra bites the naga sharpshooter.
Your four-headed hydra completely misses the naga sharpshooter.
The naga sharpshooter shoots an arrow.
The arrow hits you!
The naga sharpshooter gestures wildly while chanting.
The naga sharpshooter magically shoots a bolt.
The bolt hits you!!
* * * LOW HITPOINT WARNING * * *
You hear a shout!
Unknown command.
You closely miss the naga sharpshooter.
Your four-headed hydra bites the naga sharpshooter!
Your four-headed hydra closely misses the naga sharpshooter.
Your four-headed hydra bites the naga sharpshooter!
Your four-headed hydra barely misses the naga sharpshooter.
The naga sharpshooter mumbles some strange words.
The naga sharpshooter magically shoots an arrow.
The arrow hits you!!
You die...

##. #.......### #.
#.......# ***###.#
#.......# * , .....#
##(.....#
,,,......########.).....#
*,,
........)....#!......###
,..............(......#..
** ,
.......DN.N..()......+..
* ,
,,#.##..@##...........#..
*,, ,,
#8...8#...........#.) ,,,
##...##....(......##) , *
#...##.............. *
**,, *
#...##..........N... ,*
***,*
,*8...8#......#####...
,,, , ,
##...##....#......... , ,
** *
*,,*#...##...##.#####...
, ,, ,, #..[##......#
####


You could see 2 naga sharpshooters and a friendly four-headed hydra.

Vanquished Creatures
  Rupert (Lair:4)
  Nessos (D:14)
  A minotaur (Lab)
  Josephine (Lair:4)
  Erolcha (D:9)
  A naga warrior (Snake:1)
  A death knight (D:12)
  An anaconda (Snake:1)
  7 hydras
  4 centaur warriors
  A satyr (shapeshifter) (D:13)
  3 two-headed ogres
  A queen ant (Lair:3)
  An orc high priest (Orc:2)
  4 death yaks
  2 naga sharpshooters (Snake:1)
  Urug (Lair:4)
  Nergalle (Lair:3)
  A shock serpent (Snake:1)
  Sonja (Lair:2)
  A sun demon (D:14)
  2 storm dragon zombies (D:15)
  5 skeletal warriors
  2 unseen horrors
  A sixfirhy (Lair:6)
  A wizard (Lair:6)
  An unseen horror (shapeshifter) (D:13)
  An orc knight (D:15)
  A phantasmal warrior (D:15)
  A mana viper (Snake:1)
  2 deep elf magi
  2 necromancers
  A manticore (D:13)
  3 orc sorcerers
  6 elephants
  4 ugly things
  4 cyclopes
  A merfolk siren (Lair:3)
  12 black mambas
  3 naga magi (Snake:1)
  A smoke demon (Lair:6)
  3 torpor snails
  11 spiny frogs
  An orange demon (Lair:6)
  An apocalypse crab (D:8)
  A gargoyle (D:13)
  6 rime drakes (Lair:6)
  A freezing wraith (D:14)
  5 komodo dragons
  A harpy zombie (D:14)
  2 ice devils (Lair:6)
  3 polar bears
  4 trolls
  13 blink frogs
  8 hippogriffs
  5 slime creatures
  4 dream sheep
  27 yaks
  2 shadows (D:14)
  6 wraiths
  A wyvern (Lair:5)
  A human (D:10)
  A golden eye (shapeshifter) (D:14)
  5 basilisks
  4 hogs (D:10)
  A steam dragon (D:15)
  A neqoxec (D:8)
  3 hungry ghosts (D:12)
  The ghost of kelthazard the Conjurer, an amateur DrCj (D:4)
  A warg (Orc:2)
  3 nagas (Snake:1)
  2 vampire mosquitoes (D:15)
  A two-headed ogre zombie (D:12)
  An acid dragon (D:15)
  A hell hound (Lair:6)
  8 soldier ants
  7 porcupines
  12 water moccasins
  5 ice beasts
  7 sky beasts
  3 phantoms
  6 black bears
  2 elephant zombies (Lair:4)
  37 orc warriors
  An eye of draining (D:14)
  7 ogres
  7 wolves
  18 centaurs
  12 crocodiles
  2 big kobolds
  20 bullfrogs
  2 wyvern zombies
  A water moccasin skeleton (D:4)
  A wyvern skeleton (D:11)
  2 scorpions
  4 troll zombies (D:12)
  21 killer bees
  19 wights
  3 electric eels
  3 howler monkeys
  3 crimson imps
  7 centaur zombies
  A bullfrog zombie (D:11)
  2 quasits
  8 hounds
  3 jellies
  A gnoll shaman (D:5)
  4 bullfrog skeletons
  19 orc priests
  19 orc wizards
  3 centaur skeletons
  7 iguanas
  37 worker ants
  2 crocodile zombies (Lair:4)
  2 ogre zombies (D:12)
  A hound skeleton (D:7)
  2 worker ant zombies
  16 adders
  7 gnolls
  2 shadow imps
  3 white imps (D:14)
  An ooze (D:3)
  3 adder skeletons
  4 worms
  8 leopard geckos
  92 orcs
  8 bats
  5 giant cockroaches
  7 goblins
  7 hobgoblins
  8 jackals
  25 kobolds
  8 quokkas
  5 ball pythons
  3 frilled lizards
  A goblin zombie (D:12)
  A hobgoblin skeleton (D:12)
  2 hobgoblin zombies (D:12)
  A jackal zombie (D:6)
  3 orc skeletons (D:12)
  12 orc zombies (D:12)
  A quokka skeleton (D:3)
  A quokka zombie (D:5)
  15 rats
  2 fungi (Lair:3)
  A plant (Lair:3)
804 creatures vanquished.

Vanquished Creatures (collateral kills)
  The ghost of kelthazard the Geomancer, a journeyman GrEE of Vehumet (Lair:6)
  The ghost of Haldmier the Sharpshooter, a journeyman KoHu of Dithmenos (Lair:5)
  A hydra (Lair:6)
  A centaur warrior (D:15)
  A catoblepas (Lair:6)
  2 dancing weapons (D:13)
  4 death yaks (Lair:5)
  A two-headed ogre (D:13)
  A fire crab (shapeshifter) (D:14)
  An unseen horror (D:14)
  5 skeletal warriors
  An orc knight (D:15)
  A phantasmal warrior (D:12)
  An ugly thing (D:11)
  3 salamanders (Snake:1)
  8 elephants
  A centaur zombie (D:15)
  A stone giant skeleton (D:15)
  A guardian serpent (Snake:1)
  3 spiny frogs
  A gargoyle (D:14)
  A kobold demonologist (D:12)
  A rime drake (Lair:5)
  A yaktaur zombie (D:15)
  An efreet (D:13)
  An ice devil (D:14)
  A red devil (Lair:6)
  A troll (D:15)
  2 slime creatures
  A dream sheep (Lair:3)
  A hippogriff (Lair:3)
  3 blink frogs (Lair:6)
  12 yaks
  A wraith (D:12)
  A wyvern (D:13)
  A hungry ghost (D:12)
  2 basilisks (Lair:4)
  2 vampire mosquitoes (D:15)
  2 soldier ants (Lair:3)
  A warg (Orc:2)
  A naga (Snake:1)
  4 water moccasins
  2 hell hounds (Lair:6)
  A hornet zombie (D:13)
  An orc warrior (D:15)
  An ogre (Orc:1)
  A wolf (Lair:5)
  3 centaurs
  5 crocodiles
  2 bullfrogs
  A scorpion (D:12)
  2 wights (D:15)
  A howler monkey (D:14)
  9 crimson imps
  2 jellies
  An orc priest (Orc:1)
  An iguana (D:13)
  2 worker ants (Lair:3)
  An ogre zombie (D:12)
  An adder (Lair:4)
  A white imp (D:14)
  6 orcs
  A quokka (D:12)
  A goblin skeleton (D:12)
  A kobold (D:12)
  5 orc zombies (D:12)
  3 fungi
  A plant (Lair:5)
137 creatures vanquished.

Vanquished Creatures (others)
  A skeletal warrior (D:13)
  An orc (Bailey)
  16 fungi
  7 plants
  A withered plant (D:15)
26 creatures vanquished.

Grand Total: 967 creatures vanquished

Notes
Turn   | Place    | Note
-------+----------+-------------------------------------------
     0 | D:1      | Gorglomux the Mummy Fire Elementalist began the quest for the Orb.
     0 | D:1      | Reached XP level 1. HP: 13/13 MP: 4/4
     0 | D:1      | Gorglomux: !lg * mufe win
     0 | D:1      | beem: 70. Lasty the Ruinous (L27 MuFE of Ashenzari), escaped with the Orb and 3 runes on 2017-03-11 02:03:13, with 1444327 points after 113413 turns and 5:21:46.
     0 | D:1      | Gorglomux: !lg * mufe win -log
     0 | D:1      | beem: 70. Lasty, XL27 MuFE, T:113413: http://crawl.berotato.org/crawl/morgue/Lasty/morgue-Lasty-20170311-020313.txt
     0 | D:1      | Gorglomux: ??zhor
     0 | D:1      | beem: skin of zhor[1/1]: +4 animal skin with rC+++.
   104 | D:1      | Reached skill level 1 in Conjurations
   193 | D:1      | Gorglomux: !whichgod mufe
   194 | D:1      | beem: 15 recent wins: 4x Sif Muna, 3x Gozag, 3x Ashenzari, 2x Hepliaklqana, Vehumet, Okawaru, Kikubaaqudgha
   201 | D:1      | Gorglomux: !lg * mufe win god=gozag -log
   201 | D:1      | beem: 4. ggul001, XL27 MuFE, T:128038: https://webzook.net/soup/morgue/trunk/ggul001/morgue-ggul001-20170302-000848.txt
   201 | D:1      | Gorglomux: !lg * mufe win god=sif -log
   201 | D:1      | beem: 37. Kriby, XL27 MuFE, T:148506: https://underhound.eu:81/crawl/morgue/Kriby/morgue-Kriby-20170111-144112.txt
   405 | D:1      | Reached skill level 3 in Spellcasting
   408 | D:1      | Reached XP level 2. HP: 7/19 MP: 1/6
  1159 | D:2      | Reached XP level 3. HP: 22/24 MP: 1/7
  1250 | D:2      | Learned a level 3 spell: Conjure Flame
  1699 | D:2      | Reached skill level 2 in Conjurations
  1774 | D:2      | Reached skill level 3 in Fire Magic
  1986 | D:2      | Reached XP level 4. HP: 27/30 MP: 1/9
  2023 | D:2      | Learned a level 4 spell: Sticky Flame
  3061 | D:2      | Reached XP level 5. HP: 35/35 MP: 10/10
  3338 | D:3      | Found an iron altar of Okawaru.
  3772 | D:3      | Reached skill level 3 in Conjurations
  3882 | D:4      | Noticed kelthazard's ghost (amateur DrCj)
  3891 | D:4      | Reached skill level 4 in Spellcasting
  4200 | D:4      | Gorglomux: !whichgod mu
  4200 | D:4      | beem: 314 recent wins: 118x Gozag, 43x Ashenzari, 31x Okawaru, 18x Sif Muna, 18x Kikubaaqudgha, 16x Pakellas, 9x Xom, 9x Hepliaklqana, 7x Lugonu, 7x Trog, 6x Nemelex Xobeh, 6x Cheibriados, 6x Vehumet, 4x Yredelemnul, 4x Makhleb, 3x Uskayaw, 3x Ru, 2x Dithmenos, 2x, 2x Qazlal
  4530 | D:4      | Reached XP level 6. HP: 29/41 MP: 9/12
  4782 | D:4      | Found Gioqix's Magic Scroll Shoppe.
  4788 | D:4      | Bought a scroll of identify for 22 gold pieces
  4788 | D:4      | Bought a scroll of remove curse for 33 gold pieces
  4788 | D:4      | Bought a scroll of identify for 22 gold pieces
  4788 | D:4      | Bought a scroll of identify for 22 gold pieces
  4834 | D:4      | Killed kelthazard's ghost
  4834 | D:4      | Reached skill level 4 in Conjurations
  4944 | D:4      | Learned a level 5 spell: Fireball
  5125 | D:4      | Reached skill level 5 in Spellcasting
  5137 | D:4      | Reached XP level 7. HP: 36/46 MP: 4/14
  5537 | D:5      | Entered Level 5 of the Dungeon
  5540 | D:5      | Reached skill level 4 in Fire Magic
  5696 | D:5      | Found a sparkling altar of Nemelex Xobeh.
  6055 | D:5      | Reached skill level 6 in Spellcasting
  6805 | D:6      | Reached skill level 5 in Conjurations
  6805 | D:6      | Reached XP level 8. HP: 45/52 MP: 10/17
  6977 | D:6      | Reached skill level 5 in Fire Magic
  7370 | D:6      | Found a staircase to the Ecumenical Temple.
  7376 | Temple   | Entered the Ecumenical Temple
  7560 | Temple   | Gorglomux: !rng ash sif ash sif gozag
  7560 | Temple   | beem: The RNG chooses: ash.
  7569 | Temple   | Became a worshipper of Ashenzari the Shackled
  7772 | D:6      | Reached skill level 7 in Spellcasting
  7801 | D:6      | Found a basalt altar of Yredelemnul.
  7825 | D:6      | Found a glowing golden altar of the Shining One.
  8079 | D:7      | Noticed a hippogriff
  8125 | D:7      | Killed a hippogriff
  8362 | D:7      | Reached skill level 8 in Spellcasting
  8486 | D:7      | Noticed a seven-headed hydra
  8507 | D:7      | HP: 5/52 [seven-headed hydra (12)]
  8813 | D:7      | Reached skill level 6 in Conjurations
  8822 | D:7      | Killed a seven-headed hydra
  8822 | D:7      | Reached skill level 9 in Spellcasting
  8822 | D:7      | Reached skill level 6 in Fire Magic
  8822 | D:7      | Reached XP level 9. HP: 57/57 MP: 4/22
  9016 | D:8      | Found a flagged portal.
  9025 | Bailey   | Entered a bailey
  9063 | Bailey   | Reached skill level 7 in Conjurations
  9081 | Bailey   | Noticed Fingolfin's ghost (novice GrEE)
  9468 | D:8      | Found a radiant altar of Vehumet.
  9659 | D:8      | Found a staircase to the Lair.
  9671 | D:8      | Reached skill level 7 in Fire Magic
  9675 | D:8      | Noticed an apocalypse crab
  9675 | D:8      | a hell hound changed into an apocalypse crab
  9786 | D:8      | Reached * piety under Ashenzari
  9969 | D:8      | Reached skill level 10 in Spellcasting
  9975 | D:8      | Reached XP level 10. HP: 63/63 MP: 4/24
 10149 | D:8      | HP: 9/63 [apocalypse crab (9)]
 10167 | D:8      | Paralysed by you for 5 turns
 10604 | D:9      | Found a bloodstained altar of Trog.
 10734 | D:9      | Noticed Erolcha
 10740 | D:9      | Killed Erolcha
 10740 | D:9      | Reached skill level 8 in Conjurations
 10949 | D:9      | Reached skill level 11 in Spellcasting
 10949 | D:9      | Reached skill level 8 in Fire Magic
 11494 | D:9      | Noticed a two-headed ogre
 11510 | D:9      | Killed a two-headed ogre
 12033 | D:10     | Entered Level 10 of the Dungeon
 12111 | D:10     | Reached XP level 11. HP: 68/68 MP: 11/26
 12639 | D:10     | Reached skill level 12 in Spellcasting
 13196 | D:11     | Noticed a purple ugly thing
 13196 | D:11     | Reached skill level 9 in Conjurations
 13206 | D:11     | Killed a purple ugly thing
 13206 | D:11     | Reached skill level 9 in Fire Magic
 13375 | D:11     | Identified a lightning rod (4/4)
 13820 | D:11     | Reached ** piety under Ashenzari
 13943 | D:11     | Killed an unseen horror
 14120 | D:11     | Learned a level 4 spell: Summon Ice Beast
 14159 | D:11     | Noticed a red ugly thing
 14163 | D:11     | HP: 4/68 [red ugly thing (33)]
 14246 | D:11     | Noticed a white ugly thing
 14251 | D:11     | Killed a white ugly thing
 14251 | D:11     | Reached skill level 1 in Fighting
 14481 | D:11     | Reached skill level 2 in Fighting
 14485 | D:11     | Reached skill level 1 in Summonings
 14619 | D:11     | Noticed a cyan ugly thing
 14622 | D:11     | HP: 13/72 [cyan ugly thing (17)]
 14623 | D:11     | Killed a cyan ugly thing
 15049 | D:11     | Reached skill level 3 in Fighting
 15606 | Lair:1   | Entered Level 1 of the Lair of Beasts
 16229 | Lair:1   | Reached XP level 12. HP: 83/83 MP: 22/28
 16528 | Lair:2   | Reached skill level 13 in Spellcasting
 16589 | Lair:2   | Noticed an eight-headed hydra
 16593 | Lair:2   | Killed an eight-headed hydra
 16593 | Lair:2   | Reached skill level 4 in Fighting
 16593 | Lair:2   | Reached skill level 2 in Summonings
 16727 | Lair:2   | Noticed Sonja
 16772 | Lair:2   | Killed Sonja
 17004 | Lair:2   | Reached *** piety under Ashenzari
 17208 | Lair:2   | Noticed a seven-headed hydra
 17212 | Lair:2   | Killed a seven-headed hydra
 17212 | Lair:2   | Reached skill level 5 in Fighting
 17656 | Lair:2   | Learned a level 6 spell: Simulacrum
 17981 | Lair:3   | Found a staircase to the Shoals.
 18038 | Lair:3   | Noticed Nergalle
 18050 | Lair:3   | Killed Nergalle
 18050 | Lair:3   | Reached skill level 1 in Necromancy
 18050 | Lair:3   | Reached skill level 1 in Ice Magic
 18268 | Lair:3   | Reached skill level 3 in Summonings
 18416 | Lair:3   | Reached skill level 6 in Fighting
 18846 | Lair:3   | Reached skill level 2 in Necromancy
 19015 | Lair:3   | Reached skill level 2 in Ice Magic
 19290 | Lair:3   | Noticed a queen ant
 19299 | Lair:3   | Killed a queen ant
 19734 | Lair:3   | Reached skill level 7 in Fighting
 20072 | Lair:4   | Reached skill level 2 in Dodging
 20207 | Lair:4   | Noticed Rupert
 20213 | Lair:3   | Gained mutation: You are in touch with the powers of death. [Mummy growth]
 20213 | Lair:3   | Reached XP level 13. HP: 46/96 MP: 21/30
 20271 | Lair:4   | Noticed Josephine
 20271 | Lair:4   | Reached skill level 4 in Summonings
 20288 | Lair:3   | Reached skill level 3 in Ice Magic
 20350 | Lair:3   | Reached skill level 3 in Necromancy
 20468 | Lair:4   | Killed Josephine
 20567 | Lair:4   | Noticed Urug
 20571 | Lair:4   | HP: 20/98 [Urug/javelin (17)]
 20572 | Lair:4   | Killed Urug
 20606 | Lair:4   | HP: 19/98 [wraith[Josephine] (9)]
 20615 | Lair:4   | HP: 14/98 [water moccasin (8)]
 20624 | Lair:4   | HP: 9/98 [black mamba (14)]
 20646 | Lair:4   | HP: 22/98 [water moccasin (1)]
 20735 | Lair:4   | Reached skill level 8 in Fighting
 20950 | Lair:4   | Learned a level 5 spell: Summon Mana Viper
 21044 | Lair:4   | Found a staircase to the Snake Pit.
 21323 | Lair:4   | Killed Rupert
 21323 | Lair:4   | Reached skill level 3 in Dodging
 21323 | Lair:4   | Reached skill level 4 in Necromancy
 22367 | Lair:5   | Reached skill level 4 in Ice Magic
 22579 | Lair:5   | Reached **** piety under Ashenzari
 22606 | Lair:5   | Identified a scroll of acquirement
 22607 | Lair:5   | Identified the Incunabulum of Dark Secrets and the Escort (You acquired it on level 5 of the Lair of Beasts)
 22732 | Lair:5   | Reached skill level 9 in Fighting
 23449 | Lair:5   | Reached skill level 5 in Summonings
 23462 | Lair:5   | Noticed Haldmier's ghost (journeyman KoHu)
 23504 | Lair:5   | Killed Haldmier's ghost
 23762 | Lair:6   | Entered Level 6 of the Lair of Beasts
 23770 | Lair:5   | Reached skill level 5 in Necromancy
 24187 | Lair:6   | Reached skill level 4 in Dodging
 24195 | Lair:6   | Noticed kelthazard's ghost (journeyman GrEE)
 24218 | Lair:6   | Killed kelthazard's ghost
 24510 | Lair:6   | Reached XP level 14. HP: 109/109 MP: 13/31
 24785 | Lair:6   | Reached skill level 5 in Ice Magic
 24787 | Lair:6   | Reached skill level 10 in Fighting
 25745 | Lair:6   | Found a viscous altar of Jiyva.
 25745 | Lair:6   | Found a staircase to the Slime Pits.
 26043 | Lair:6   | Reached skill level 6 in Necromancy
 26281 | Lair:6   | Reached skill level 1 in Hexes
 27444 | D:12     | Found a staircase to the Orcish Mines.
 27511 | D:12     | Reached ***** piety under Ashenzari
 28288 | D:12     | Reached skill level 5 in Dodging
 28996 | D:13     | Reached skill level 11 in Fighting
 28996 | D:13     | Reached skill level 6 in Summonings
 29111 | D:13     | Found a gate to the Vaults.
 29383 | Orc:1    | Entered Level 1 of the Orcish Mines
 29383 | Orc:1    | Found a roughly hewn altar of Beogh.
 29407 | Orc:1    | Identified the +7 hand axe "Jiafooto" {antimagic, Str+6 Dex+4}
 29416 | Orc:1    | Found Saiderche's Armour Shoppe.
 29787 | Orc:1    | Found a roughly hewn altar of Beogh.
 29943 | Orc:2    | Entered Level 2 of the Orcish Mines
 29980 | Orc:2    | Found a labyrinth entrance.
 30000 | Lab      | Entered a labyrinth
 30123 | Lab      | Reached skill level 1 in Evocations
 30474 | Orc:2    | Found a roughly hewn altar of Beogh.
 30484 | Orc:2    | Found Sysebe's Antique Armour Shoppe.
 30492 | Orc:2    | Bought a pair of embroidered boots for 240 gold pieces
 30492 | Orc:2    | Bought a twisted chain mail for 304 gold pieces
 30502 | Orc:2    | Identified the +0 chain mail "Byles" {rPois Str+3 Int+2 Dex+4} (You bought it in a shop on level 2 of the Orcish Mines)
 30792 | Orc:2    | Found a roughly hewn altar of Beogh.
 30792 | Orc:2    | Found Tewnuv's Antique Armour Shop.
 30792 | Orc:2    | Found Amotudis's Antique Weapon Boutique.
 30792 | Orc:2    | Found Zoluruis's Assorted Antiques.
 30792 | Orc:2    | Noticed Saint Roka
 30811 | Orc:2    | Reached skill level 1 in Armour
 31026 | Orc:2    | Paralysed by an orc sorcerer for 7 turns
 31174 | Orc:2    | Found a roughly hewn altar of Beogh.
 31226 | Orc:2    | Found a roughly hewn altar of Beogh.
 31401 | Orc:2    | Found a roughly hewn altar of Beogh.
 31668 | Orc:2    | Found a roughly hewn altar of Beogh.
 31776 | Orc:2    | Found a roughly hewn altar of Beogh.
 31789 | Orc:2    | Bought a scroll of teleportation for 108 gold pieces
 31826 | Orc:2    | Found a staircase to the Elven Halls.
 32292 | D:12     | Reached skill level 2 in Armour
 33157 | D:13     | Reached skill level 3 in Armour
 33157 | D:13     | Reached XP level 15. HP: 43/120 MP: 11/32
 33158 | D:13     | HP: 29/120 [centaur[a centaur warrior] (5)]
 33163 | D:13     | HP: 29/120 [centaur/spear[a centaur warrior] (3)]
 33169 | D:13     | HP: 25/120 [centaur/spear[a centaur warrior] (4)]
 33302 | D:13     | Reached skill level 12 in Fighting
 33693 | D:13     | Reached skill level 6 in Dodging
 34134 | D:14     | Reached ****** piety under Ashenzari
 34461 | D:14     | Reached skill level 4 in Armour
 34486 | D:14     | HP: 21/121 [sun demon (19)]
 34487 | D:14     | HP: 2/121 [sun demon (10)]
 34871 | D:14     | Learned a level 7 spell: Summon Hydra
 35051 | D:14     | Noticed Nessos
 35058 | D:14     | Killed Nessos
 36185 | D:15     | Entered Level 15 of the Dungeon
 36247 | D:15     | Reached skill level 5 in Armour
 36819 | D:15     | Found a staircase to the Depths.
 37933 | Lair:6   | Found a burning altar of Makhleb.
 37933 | Lair:6   | Found a gateway to Hell.
 37959 | Lair:6   | Reached skill level 13 in Fighting
 38011 | Lair:6   | Reached skill level 6 in Armour
 38603 | Snake:1  | Entered Level 1 of the Snake Pit
 38612 | Lair:4   | Reached skill level 1 in Shields
 38901 | Snake:1  | Reached skill level 2 in Shields
 39229 | Snake:1  | Reached skill level 7 in Summonings
 39236 | Snake:1  | Reached skill level 3 in Shields
 39377 | Snake:1  | HP: 18/123 [naga sharpshooter/bolt (22)]
 39378 | Snake:1  | Shot with an arrow by a naga sharpshooter

Skill      XL: |  1  2  3  4  5  6  7  8  9 10 11 12 13 14 15 |
---------------+----------------------------------------------+-----
Conjurations   | 1 2 3 4 5 6 7 8 9 |  9.8
Spellcasting   | 3 4 5 6 9 10 11 12 13 | 13.6
Fire Magic     | 3 4 6 7 8 9 |  9.8
Fighting       | 3 7 9 11 13 | 13.0
Summonings     | 1 3 5 6 7 |  7.1
Necromancy     | 2 5 6 |  6.6
Ice Magic      | 2 4 5 |  5.4
Dodging        | 2 4 5 6 |  6.8
Hexes          | 1 |  1.8
Evocations     | 1 |  1.1
Armour         | 3 6 |  6.0
Shields        | 3 |  3.3
Stealth        | |  1.5

Action                   |  1- 3 |  4- 6 |  7- 9 | 10-12 | 13-15 || total
-------------------------+-------+-------+-------+-------+-------++-------
Melee: Dagger            |     1 |       |       |       |       ||     1
       Staff             |       |       |       |    47 |   750 ||   797
 Fire: Hunting sling     |    80 |   150 |   351 |   226 |       ||   807
Throw: Stone             |       |       |       |    18 |    76 ||    94
 Cast: Flame Tongue      |    62 |    68 |   137 |   455 |   431 ||  1153
       Conjure Flame     |     2 |     7 |    13 |    35 |    33 ||    90
       Sticky Flame      |       |     2 |    14 |    37 |   101 ||   154
       Fireball          |       |       |     7 |    81 |   199 ||   287
       Simulacrum        |       |       |       |     2 |    95 ||    97
       Summon Ice Beast  |       |       |       |     2 |    32 ||    34
       Summon Mana Viper |       |       |       |       |    53 ||    53
       Summon Hydra      |       |       |       |       |    15 ||    15
Invok: Curse Item        |       |       |     2 |     3 |     3 ||     8
       Scrying           |       |       |       |     1 |     3 ||     4
Evoke: Wand              |       |       |     8 |     9 |    13 ||    30
       Lightning rod     |       |       |       |     4 |     8 ||    12
       Phial of floods   |       |       |       |       |     3 ||     3
  Use: Scroll            |       |    13 |     2 |    14 |    20 ||    49
 Stab: Distracted        |       |       |       |       |     7 ||     7
       Sleeping          |       |       |       |       |     1 ||     1
Armor: Robe              |    10 |    14 |    51 |   104 |   417 ||   596
       Chain mail        |       |       |       |       |    45 ||    45
Dodge: Dodged            |    44 |    60 |   163 |   230 |  1154 ||  1651
Block: Buckler           |       |       |       |       |    25 ||    25

Vault maps used:
D:1:      dpeg_arrival_ratfight, serial_park_tiny_1
D:2:      roderic_nine_men_s_morris, minmay_split_cup_large
D:3:      okawaru_metal_pillars_1_2
D:4:      serial_shops, shop
D:5:      marbit_many_paths, first_bread, grunt_ministairs_2
D:6:      grunt_temple_overflow_holy_war, minmay_temple_entry_fiery
D:8:      vehumet_altar_wand_db, minmay_lair_entry_lava, enter_bailey_2
D:9:      nicolae_overflow_crystal_walls, uniq_erolcha
D:10:     grunt_livestock
D:11:     hangedman_abyss_or_decor_clamps
D:12:     zombieorc2_lemuel
D:13:     erik_vaults_1
D:14:     hangedman_abyss_or_decor_passed, eino_small_chamber_without_monster,
          minmay_fire_ice_demons, uniq_nessos
D:15:     gammafunk_depths_entry_grave, minmay_misc_feat_hallway
Temple:   regret_index_temple_generic_petals
Lair:2:   uniq_sonja
Lair:3:   minmay_shoals_entry_centaurs, zaba_antful_of_joy, lemuel_fruit_fields,
          uniq_nergalle
Lair:4:   pond_and_an_island_with_a_cottage, minmay_snake_entry_six_corridors,
          kennysheep_basilisk_garden, uniq_rupert, uniq_josephine, uniq_urug
Lair:6:   evil_forest, slime_altar_1, serial_bayou_shore_a, grunt_megastairs_4
Snake:1:  grunt_ministairs_6, corexii_hall_statues_i, st_stairs_8
Orc:1:    serial_shops, nicolae_shop_stone, basic_altar, minmay_orc_temple_a
Orc:2:    grunt_orc_community_town_hall, grunt_orc_community_big_house_2,
          grunt_orc_community_big_house_2, grunt_orc_community_house_1,
          grunt_orc_community_house_3, grunt_orc_community_house_3,
          grunt_orc_community_house_2, grunt_orc_community_house_1,
          grunt_orc_community_house_2, lab_entry_generic
Lab:      labyrinth_spiral, nicolae_lab_big_swirl, labyrinth_skeletal_remains
Bailey:   bailey_axe_1, bailey

Table legend:
 A = Turns spent in this place as a percentage of turns spent in the entire game.
 B = Non-inter-level travel turns spent in this place as a percentage of non-inter-level travel turns spent in the entire game.
 C = Inter-level travel turns spent in this place as a percentage of turns spent in this place.
 D = Turns resting spent in this place as a percentage of non-inter-level travel turns spent in this place.
 E = Turns spent auto-exploring this place as a percentage of non-inter-level travel turns spent in this place.
 F = Non-inter-level travel turns spent in this place divided by the number of levels of this place that you've seen.
                   A       B       C       D       E      F
               +-------+-------+-------+-------+-------+----------------------
         Total | 100.0 | 100.0 |   0.5 |   6.3 |   5.9 | 408.4
       Dungeon |  57.9 |  57.9 |   0.5 |   6.0 |   7.0 | 425.8
        Temple |   0.3 |   0.3 |   2.7 |   0.0 |  58.3 |  36.0
          Lair |  29.5 |  29.4 |   0.6 |   7.3 |   4.0 | 540.7
     Snake Pit |   2.9 |   2.9 |   0.0 |  10.9 |   3.1 | 322.0
  Orcish Mines |   7.8 |   7.8 |   0.2 |   4.0 |   4.7 | 429.5
     Labyrinth |   1.1 |   1.1 |   0.0 |   3.3 |   0.0 | 121.0
        Bailey |   0.5 |   0.5 |   0.0 |   3.5 |   0.0 |  57.0
               +-------+-------+-------+-------+-------+----------------------

Table legend:
 A = Kills in this place as a percentage of kills in entire the game.
 B = Kills by you in this place as a percentage of kills by you in the entire game.
 C = Kills by friends in this place as a percentage of kills by friends in the entire game.
 D = Other kills in this place as a percentage of other kills in the entire game.
 E = Experience gained in this place as a percentage of experience gained in the entire game.
 F = Experience gained in this place divided by the number of levels of this place that you have seen.
                   A       B       C       D       E      F
               +-------+-------+-------+-------+-------+----------------------
         Total | 100.0 | 100.0 | 100.0 | 100.0 | 100.0 | 5505.9
       Dungeon |  58.5 |  59.9 |  49.6 | 100.0 |  44.9 | 4448.6
          Lair |  26.7 |  24.0 |  43.6 |   0.0 |  42.8 | 10609.2
     Snake Pit |   2.1 |   1.9 |   3.8 |   0.0 |   6.0 | 8973.0
  Orcish Mines |  10.7 |  12.0 |   3.0 |   0.0 |   5.0 | 3681.5
     Labyrinth |   0.1 |   0.1 |   0.0 |   0.0 |   0.7 | 1078.0
        Bailey |   1.8 |   2.1 |   0.0 |   0.0 |   0.6 | 862.0
               +-------+-------+-------+-------+-------+----------------------
